Saguenéens vs Atomiques
Created - 26 mars 2017 at 21:41
Goals
|
Saguenéens |
0 |
2 |
0 |
1 |
3 |
Atomiques |
0 |
1 |
1 |
0 |
2 |
|
Shots
|
Saguenéens |
7 |
13 |
8 |
2 |
30 |
Atomiques |
9 |
13 |
11 |
0 |
33 |
|
1st period
No Goal
Penalties :
Roman Polak (STB) for High sticking (Minor) at 9:36
2nd period
1. Saguenéens , Artemi Panarin 48 (Spencer Machacek) at 3:36
2. Saguenéens , Mason Raymond 38 (Spencer Machacek, Erik Haula) at 9:42 (PP)
3. Atomiques , Kenndal McArdle 27 (Ryan Shannon, Brett Sutter) at 15:15
Penalties :
Brett Lebda (Chi) for Holding (Minor) at 3:53, Tyler Brenner (STB) for Hooking (Minor) at 9:06, Roman Polak (STB) for Roughing (Minor) at 9:31, Colby Cohen (STB) for Slashing (Minor) at 19:34
3rd period
4. Atomiques , Alex Berry 21 (Andrew Kozek, Ryan Shannon) at 15:04
Penalties :
John McCarthy (STB) for Roughing (Minor) at 4:42
Overtime #1
5. Saguenéens , Erik Haula 15 (Kevin Marshall, Spencer Machacek) at 2:08
Penalties :
No Penalty
Goalie Stats
Mike Smith (Chi), 31 saves from 33 shots - (0,939), W, 32-21-3, 62:08 minutes
Sergei Bobrovsky (STB), 27 saves from 30 shots - (0,900), OTL, 26-24-6, 62:08 minutes
Players Stats for Saguenéens
Player Name G A P +/- PIM S H SB GA TA FO MP PP MP PK MP
------------------------------------------------------------------------------------
Artemi Panarin 1 0 1 1 0 6 1 0 1 1 1/2 23:49 3:21 0:59
Brett Lebda 0 0 0 2 2 0 3 3 0 1 0/0 23:02 3:12 0:00
Carl Hagelin 0 0 0 0 0 2 0 1 1 1 0/0 8:37 0:00 0:00
Craig Cunningham 0 0 0 0 0 2 1 0 0 0 0/0 9:23 0:09 0:33
Dalton Prout 0 0 0 0 0 3 3 0 1 1 0/0 28:05 5:09 1:00
Erik Haula 1 1 2 2 0 4 0 0 0 0 15/31 20:31 4:53 0:43
Jerry D'Amigo 0 0 0 0 0 0 1 0 0 0 0/0 10:56 0:07 0:00
Kevin Marshall 0 1 1 1 0 2 1 1 0 1 0/0 27:21 5:09 1:09
Luke Witkowski 0 0 0 -2 0 1 0 1 0 0 0/0 16:25 0:00 0:00
Mason Raymond 1 0 1 -2 0 3 1 2 2 0 3/8 26:01 4:53 0:25
Nick Mattson 0 0 0 -1 0 0 0 0 0 0 0/0 3:37 0:00 0:50
Rhett Rakhshani 0 0 0 -2 0 1 1 0 0 0 1/2 11:19 0:00 0:45
Rickard Rakell 0 0 0 0 0 2 1 0 0 0 7/10 18:31 3:21 0:06
Roman Josi 0 0 0 0 0 1 1 1 0 0 0/0 21:37 3:12 0:59
Spencer Machacek 0 3 3 2 0 2 6 1 2 0 1/1 20:07 4:51 0:27
Teemu Pulkkinen 0 0 0 0 0 0 0 0 1 0 0/0 5:22 0:07 0:00
Tim Kennedy 0 0 0 -2 0 1 1 1 0 1 0/1 9:36 0:00 0:00
Trevor Van Riemsdyk 0 0 0 0 0 0 0 0 0 0 0/0 4:08 0:00 0:00
Tyler Pitlick 0 0 0 0 0 0 0 0 0 0 0/0 18:05 3:21 0:00
Players Stats for Atomiques
Player Name G A P +/- PIM S H SB GA TA FO MP PP MP PK MP
------------------------------------------------------------------------------------
Alex Berry 1 0 1 1 0 3 3 0 0 0 0/1 11:06 0:26 0:00
Andrew Kozek 0 1 1 1 0 1 2 0 1 0 0/0 13:00 0:33 0:38
Bobby Farnham 0 0 0 0 0 0 0 0 0 0 0/0 8:02 0:00 0:00
Branko Radivojevic 0 0 0 -1 0 4 3 2 3 2 10/16 22:21 1:03 5:20
Brett Sutter 0 1 1 -1 0 1 1 0 0 0 0/2 9:54 0:03 1:11
Colby Cohen 0 0 0 1 2 1 0 0 0 1 0/0 12:01 0:00 0:00
Davis Drewiske 0 0 0 0 0 2 1 1 0 1 0/0 29:29 0:52 4:31
Dmitri Orlov 0 0 0 1 0 1 0 0 0 1 0/0 13:40 0:00 1:57
Dwight King 0 0 0 -1 0 2 5 1 1 0 0/0 18:56 0:59 2:10
John McCarthy 0 0 0 0 2 1 1 0 0 0 1/1 8:01 0:00 0:00
Kenndal McArdle 1 0 1 1 0 2 1 0 0 0 0/1 15:05 0:27 0:00
Kyle Wharton 0 0 0 -1 0 0 1 3 0 0 0/0 20:57 1:07 4:00
Marc-André Cliche 0 0 0 1 0 1 2 1 0 1 0/2 12:03 0:29 0:00
Mikael Backlund 0 0 0 -2 0 6 2 0 1 1 13/26 22:19 1:03 5:02
Roman Polak 0 0 0 -1 4 1 2 1 0 0 0/0 20:06 1:07 1:52
Ryan Shannon 0 2 2 1 0 1 3 0 0 0 0/1 15:05 0:27 0:00
Shawn Belle 0 0 0 0 0 0 1 4 0 1 0/0 29:19 0:52 4:21
Tyler Brenner 0 0 0 1 2 6 0 0 0 0 3/5 18:31 0:27 2:10
3 Stars
1 - Spencer Machacek (Chi)
2 - Erik Haula (Chi)
3 - Alex Berry (STB)
Power Play
Saguenéens - 1 on 5 Attempt(s) - 20,00%
Atomiques - 0 on 1 Attempt(s) - 0,00%
Penalty Kill
Saguenéens - 1 on 1 Attempt(s) - 100,00%
- Score 0 goal in Penalty Kill
Atomiques - 4 on 5 Attempt(s) - 80,00%
- Score 0 goal in Penalty Kill
Team Stat
Saguenéens - Hits : 21 - Faceoff Wins : 28 - Blocked Shots : 11 - Penalty Minutes : 2
Atomiques - Hits : 28 - Faceoff Wins : 27 - Blocked Shots : 13 - Penalty Minutes : 10
Official
Referees : Meier Brad and Martell Rob
Linesman : Brad Kovachik and Bryan Pancich
Game Notes
Trevor Van Riemsdyk is injured at 15:29 of 1st period (Back)
Finance
Level 1 -- Attendance: 1440 (72,00%) -- Ticket Income 50 400 $
Level 2 -- Attendance: 765 (76,50%) -- Ticket Income 11 475 $
Total Attendance: 2205 (73,50%)
Total Ticket Income: 61 875 $
Other Income: 3 094 $
Total Income: 64 969 $
Saguenéens
5 vs 5 Forward
Center Left Wing Right Wing Time % Phy DF OF
1 Erik Haula Artemi Panarin Spencer Machacek 40 1 2 2
2 Rickard Rakell Mason Raymond Tyler Pitlick 30 1 2 2
3 Mason Raymond Tim Kennedy Rhett Rakhshani 20 1 2 2
4 Artemi Panarin Carl Hagelin Jerry D'Amigo 10 1 2 2
5 vs 5 Defense
Defense Defense Time % Phy DF OF
1 Kevin Marshall Dalton Prout 40 1 2 2
2 Roman Josi Brett Lebda 30 1 2 2
3 Luke Witkowski Trevor Van Riemsdyk 20 1 2 2
4 Kevin Marshall Dalton Prout 10 1 2 2
PowerPlay Forward
Center Left Wing Right Wing Time % Phy DF OF
1 Erik Haula Mason Raymond Spencer Machacek 60 1 2 2
2 Rickard Rakell Artemi Panarin Tyler Pitlick 40 1 2 2
PowerPlay Defense
Defense Defense Time % Phy DF OF
1 Kevin Marshall Dalton Prout 60 1 2 2
2 Roman Josi Brett Lebda 40 1 2 2
Penalty Kill 4 Players Forward
Center Wing Time % Phy DF OF
1 Mason Raymond Artemi Panarin 60 1 2 2
2 Spencer Machacek Erik Haula 40 1 2 2
Penalty Kill 4 Players Defense
Defense Defense Time % Phy DF OF
1 Kevin Marshall Brett Lebda 60 1 2 2
2 Roman Josi Dalton Prout 40 1 2 2
Penalty Kill - 3 Players Forward
Forward Time % Phy DF OF
1 Mason Raymond 60 1 2 2
2 Artemi Panarin 40 1 2 2
Penalty Kill - 3 Players Defense
Defense Defense Time % Phy DF OF
1 Kevin Marshall Brett Lebda 60 1 2 2
2 Roman Josi Luke Witkowski 40 1 2 2
4 vs 4 Forward
Center Wing Time % Phy DF OF
1 Mason Raymond Artemi Panarin 60 1 2 2
2 Spencer Machacek Erik Haula 40 1 2 2
4 vs 4 Defense
Defense Defense Time % Phy DF OF
1 Kevin Marshall Brett Lebda 60 1 2 2
2 Roman Josi Luke Witkowski 40 1 2 2
Last Minutes Offensive
Center Left Wing Right Wing Defense Defense
Erik Haula Mason Raymond Spencer Machacek Kevin Marshall Dalton Prout
Last Minutes Defensive
Center Left Wing Right Wing Defense Defense
Erik Haula Mason Raymond Spencer Machacek Kevin Marshall Dalton Prout
Goaltenders
Starting : Mike Smith
Backup : Martin Jones
Extra Forwards
Normal : Craig Cunningham, Teemu Pulkkinen, Rhett Rakhshani - PP : Craig Cunningham, Teemu Pulkkinen - PK : Rhett Rakhshani
Extra Defensemen
Normal : Brett Lebda, Trevor Van Riemsdyk, Roman Josi - PP : Brett Lebda - PK : Trevor Van Riemsdyk, Roman Josi
Penalty Shots
Mason Raymond, Artemi Panarin, Spencer Machacek, Erik Haula, Tyler Pitlick
Atomiques
5 vs 5 Forward
Center Left Wing Right Wing Time % Phy DF OF
1 Mikael Backlund Dwight King Branko Radivojevic 40 1 2 2
2 Tyler Brenner Kenndal McArdle Ryan Shannon 30 1 2 2
3 Marc-André Cliche Andrew Kozek Alex Berry 20 1 2 2
4 Brett Sutter John McCarthy Bobby Farnham 10 1 2 2
5 vs 5 Defense
Defense Defense Time % Phy DF OF
1 Shawn Belle Davis Drewiske 40 1 2 2
2 Kyle Wharton Roman Polak 30 1 2 2
3 Colby Cohen Dmitri Orlov 20 1 2 2
4 Shawn Belle Davis Drewiske 10 1 2 2
PowerPlay Forward
Center Left Wing Right Wing Time % Phy DF OF
1 Mikael Backlund Dwight King Branko Radivojevic 60 1 2 2
2 Tyler Brenner Kenndal McArdle Ryan Shannon 40 1 2 2
PowerPlay Defense
Defense Defense Time % Phy DF OF
1 Shawn Belle Davis Drewiske 60 1 2 2
2 Kyle Wharton Roman Polak 40 1 2 2
Penalty Kill 4 Players Forward
Center Wing Time % Phy DF OF
1 Branko Radivojevic Mikael Backlund 60 1 2 2
2 Tyler Brenner Dwight King 40 1 2 2
Penalty Kill 4 Players Defense
Defense Defense Time % Phy DF OF
1 Shawn Belle Davis Drewiske 60 1 2 2
2 Kyle Wharton Roman Polak 40 1 2 2
Penalty Kill - 3 Players Forward
Forward Time % Phy DF OF
1 Branko Radivojevic 60 1 2 2
2 Mikael Backlund 40 1 2 2
Penalty Kill - 3 Players Defense
Defense Defense Time % Phy DF OF
1 Shawn Belle Davis Drewiske 60 1 2 2
2 Kyle Wharton Roman Polak 40 1 2 2
4 vs 4 Forward
Center Wing Time % Phy DF OF
1 Branko Radivojevic Mikael Backlund 60 1 2 2
2 Tyler Brenner Dwight King 40 1 2 2
4 vs 4 Defense
Defense Defense Time % Phy DF OF
1 Shawn Belle Davis Drewiske 60 1 2 2
2 Kyle Wharton Roman Polak 40 1 2 2
Last Minutes Offensive
Center Left Wing Right Wing Defense Defense
Mikael Backlund Dwight King Branko Radivojevic Shawn Belle Davis Drewiske
Last Minutes Defensive
Center Left Wing Right Wing Defense Defense
Mikael Backlund Dwight King Branko Radivojevic Shawn Belle Davis Drewiske
Goaltenders
Starting : Sergei Bobrovsky
Backup : Jeremy Smith
Extra Forwards
Normal : Marc-André Cliche, Andrew Kozek, Brett Sutter - PP : Marc-André Cliche, Andrew Kozek - PK : Brett Sutter
Extra Defensemen
Normal : Colby Cohen, Dmitri Orlov, Kyle Wharton - PP : Colby Cohen - PK : Dmitri Orlov, Kyle Wharton
Penalty Shots
Branko Radivojevic, Mikael Backlund, Tyler Brenner, Dwight King, Ryan Shannon
% Time on Ice - Saguenéens
Lines # - Real PCT - Wanted PCT - Time Play
Normal Forward
1 - 32% - 40% - 15:56
2 - 31% - 30% - 15:31
3 - 19% - 20% - 9:36
4 - 17% - 10% - 8:37
Normal Defense
1 - 38% - 40% - 18:49
2 - 26% - 30% - 12:54
3 - 33% - 20% - 16:37
4 - 3% - 10% - 1:20
PP Forward
1 - 60% - 60% - 5:00
2 - 40% - 40% - 3:21
PP Defense
1 - 62% - 60% - 5:09
2 - 38% - 40% - 3:12
PK Forward
1 - 77% - 60% - 1:32
2 - 23% - 40% - 0:27
PK Defense
1 - 100% - 60% - 1:59
2 - 0% - 40% - 0:00
PK3 Forward
1 - 0% - 60%
2 - 0% - 40%
PK3 Defense
1 - 0% - 60%
2 - 0% - 40%
44 Forward
1 - 70% - 60% - 1:30
2 - 30% - 40% - 0:38
44 Defense
1 - 53% - 60% - 1:08
2 - 47% - 40% - 1:00
Last Minute Offensive - 0:00
Last Minute Defensive - 0:00
Total
Forward - 62:08
Defense - 62:08
|
% Time on Ice - Atomiques
Lines # - Real PCT - Wanted PCT - Time Play
Normal Forward
1 - 31% - 40% - 15:10
2 - 32% - 30% - 15:54
3 - 21% - 20% - 10:34
4 - 16% - 10% - 8:02
Normal Defense
1 - 41% - 40% - 20:13
2 - 31% - 30% - 15:09
3 - 24% - 20% - 11:46
4 - 5% - 10% - 2:32
PP Forward
1 - 77% - 60% - 1:32
2 - 23% - 40% - 0:27
PP Defense
1 - 44% - 60% - 0:52
2 - 56% - 40% - 1:07
PK Forward
1 - 73% - 60% - 6:00
2 - 27% - 40% - 2:10
PK Defense
1 - 51% - 60% - 4:10
2 - 49% - 40% - 4:00
PK3 Forward
1 - 100% - 60% - 0:11
2 - 0% - 40% - 0:00
PK3 Defense
1 - 100% - 60% - 0:11
2 - 0% - 40% - 0:00
44 Forward
1 - 82% - 60% - 1:45
2 - 18% - 40% - 0:23
44 Defense
1 - 63% - 60% - 1:21
2 - 37% - 40% - 0:47
Last Minute Offensive - 0:00
Last Minute Defensive - 0:00
Total
Forward - 62:08
Defense - 62:08
|
Play by Play
1st period
0:01 of 1st period - Erik Haula wins face-off versus Mikael Backlund in neutral zone.
0:10 of 1st period - Slapshot by Artemi Panarin.
0:10 of 1st period - Shot Misses the Net.
1:17 of 1st period - Wrist shot by Carl Hagelin.
1:17 of 1st period - Shot Misses the Net.
1:48 of 1st period - Off-side.
1:49 of 1st period - Erik Haula wins face-off versus Tyler Brenner in neutral zone.
1:57 of 1st period - Off-side.
1:58 of 1st period - Rickard Rakell wins face-off versus Mikael Backlund in neutral zone.
3:36 of 1st period - Snap shot by John McCarthy.
3:36 of 1st period - Stopped by Mike Smith without a rebound.
3:37 of 1st period - Erik Haula wins face-off versus Mikael Backlund in Saguenéens zone.
4:19 of 1st period - Slapshot by Andrew Kozek.
4:19 of 1st period - Shot Misses the Net.
4:21 of 1st period - Slapshot by Roman Polak.
4:21 of 1st period - Shot Misses the Net.
4:23 of 1st period - Snap shot by Andrew Kozek.
4:23 of 1st period - Shot Misses the Net.
4:25 of 1st period - Wrist shot by Marc-André Cliche.
4:25 of 1st period - Deflect By Luke Witkowski.
4:25 of 1st period - Shot Blocked by Mason Raymond.
4:25 of 1st period - Puck is out of play.
4:26 of 1st period - Mikael Backlund wins face-off versus Erik Haula in Saguenéens zone.
4:51 of 1st period - Rickard Rakell is hit by Davis Drewiske and loses puck.
6:13 of 1st period - Wrist shot by Ryan Shannon.
6:13 of 1st period - Shot Blocked by Carl Hagelin.
6:15 of 1st period - Slapshot by Davis Drewiske.
6:15 of 1st period - Deflect By Carl Hagelin.
6:15 of 1st period - Stopped by Mike Smith with a rebound.
6:17 of 1st period - Snap shot by Ryan Shannon.
6:17 of 1st period - Shot Misses the Net.
6:37 of 1st period - Roman Josi is hit by Branko Radivojevic and loses puck.
6:56 of 1st period - John McCarthy is hit by Brett Lebda and loses puck.
7:22 of 1st period - Dalton Prout is hit by Kenndal McArdle and loses puck.
8:05 of 1st period - Off-side.
8:06 of 1st period - Rickard Rakell wins face-off versus Mikael Backlund in neutral zone.
9:05 of 1st period - Snap shot by Carl Hagelin.
9:05 of 1st period - Stopped by Sergei Bobrovsky without a rebound.
9:06 of 1st period - Artemi Panarin wins face-off versus Brett Sutter in Atomiques zone.
9:09 of 1st period - Snap shot by Artemi Panarin.
9:09 of 1st period - Shot Misses the Net.
9:11 of 1st period - Snap shot by Artemi Panarin.
9:11 of 1st period - Stopped by Sergei Bobrovsky without a rebound.
9:12 of 1st period - Mikael Backlund wins face-off versus Rickard Rakell in Atomiques zone.
9:19 of 1st period - Wrist shot by Mikael Backlund.
9:19 of 1st period - Shot Misses the Net.
9:21 of 1st period - Snap shot by Kyle Wharton.
9:21 of 1st period - Shot Blocked by Mason Raymond.
9:23 of 1st period - Slapshot by Branko Radivojevic.
9:23 of 1st period - Stopped by Mike Smith with a rebound.
9:25 of 1st period - Backhand shot by Dwight King.
9:25 of 1st period - Deflect By Mason Raymond.
9:25 of 1st period - Stopped by Mike Smith with a rebound.
9:27 of 1st period - Backhand shot by Roman Polak.
9:27 of 1st period - Deflect By Mikael Backlund.
9:27 of 1st period - Stopped by Mike Smith with a rebound.
9:36 of 1st period - Minor Penalty to Roman Polak for High sticking.
9:37 of 1st period - Branko Radivojevic wins face-off versus Erik Haula in Atomiques zone.
10:16 of 1st period - Backhand shot by Tyler Pitlick.
10:16 of 1st period - Shot Misses the Net.
10:18 of 1st period - Snap shot by Artemi Panarin.
10:18 of 1st period - Stopped by Sergei Bobrovsky with a rebound.
11:36 of 1st period - Penalty to Roman Polak is over, Roman Polak is back on ice.
11:40 of 1st period - Tyler Brenner is hit by Dalton Prout and loses puck.
11:59 of 1st period - Teemu Pulkkinen is hit by Dwight King and loses puck.
12:10 of 1st period - Slapshot by Tyler Brenner.
12:10 of 1st period - Shot Blocked by Luke Witkowski.
12:18 of 1st period - Luke Witkowski is hit by Roman Polak and loses puck.
12:44 of 1st period - Dwight King is hit by Dalton Prout and loses puck.
12:51 of 1st period - Snap shot by Craig Cunningham.
12:51 of 1st period - Stopped by Sergei Bobrovsky without a rebound.
12:52 of 1st period - Erik Haula wins face-off versus Marc-André Cliche in Atomiques zone.
13:22 of 1st period - Rickard Rakell is hit by Brett Sutter and loses puck.
13:39 of 1st period - Wrist shot by Rhett Rakhshani.
13:39 of 1st period - Deflect By Shawn Belle.
13:39 of 1st period - Stopped by Sergei Bobrovsky with a rebound.
13:41 of 1st period - Snap shot by Mason Raymond.
13:41 of 1st period - Stopped by Sergei Bobrovsky with a rebound.
14:07 of 1st period - Wrist shot by Mikael Backlund.
14:07 of 1st period - Shot Blocked by Tim Kennedy.
14:09 of 1st period - Wrist shot by Mikael Backlund.
14:09 of 1st period - Shot Misses the Net.
14:24 of 1st period - Slapshot by Ryan Shannon.
14:24 of 1st period - Shot Misses the Net.
14:38 of 1st period - Brett Lebda is hit by Mikael Backlund and loses puck.
15:17 of 1st period - Brett Sutter is hit by Spencer Machacek and loses puck.
15:28 of 1st period - Trevor Van Riemsdyk is hit by Ryan Shannon and loses puck.
15:29 of 1st period - Trevor Van Riemsdyk from Saguenéens is injured at 15:29 of 1st period (Back).
15:30 of 1st period - Mikael Backlund wins face-off versus Erik Haula in Saguenéens zone.
15:56 of 1st period - Dalton Prout is hit by Shawn Belle.
16:20 of 1st period - Kenndal McArdle is hit by Brett Lebda and loses puck.
16:44 of 1st period - Ryan Shannon is hit by Jerry D'Amigo and loses puck.
17:06 of 1st period - Mason Raymond is hit by Dwight King and loses puck.
17:32 of 1st period - Wrist shot by Alex Berry.
17:32 of 1st period - Stopped by Mike Smith with a rebound.
17:40 of 1st period - Alex Berry is hit by Spencer Machacek and loses puck.
17:57 of 1st period - Wrist shot by Tyler Pitlick.
17:57 of 1st period - Shot Blocked by Kyle Wharton.
17:59 of 1st period - Slapshot by Luke Witkowski.
17:59 of 1st period - Stopped by Sergei Bobrovsky with a rebound.
18:44 of 1st period - Snap shot by Alex Berry.
18:44 of 1st period - Stopped by Mike Smith without a rebound.
18:45 of 1st period - John McCarthy wins face-off versus Rickard Rakell in Saguenéens zone.
18:46 of 1st period - Snap shot by Brett Sutter.
18:46 of 1st period - Shot Misses the Net.
18:54 of 1st period - Snap shot by John McCarthy.
18:54 of 1st period - Deflect By Brett Sutter.
18:54 of 1st period - Shot Misses the Net.
18:54 of 1st period - Puck is out of play.
18:55 of 1st period - Erik Haula wins face-off versus Mikael Backlund in Saguenéens zone.
18:55 of 1st period - Erik Haula is hit by Dwight King.
19:49 of 1st period - Snap shot by Marc-André Cliche.
19:49 of 1st period - Stopped by Mike Smith without a rebound.
19:50 of 1st period - Mikael Backlund wins face-off versus Mason Raymond in Saguenéens zone.
19:52 of 1st period - Icing by Tim Kennedy.
19:53 of 1st period - Mikael Backlund wins face-off versus Mason Raymond in Saguenéens zone.
19:56 of 1st period - Snap shot by Mikael Backlund.
19:56 of 1st period - Shot Hit the Post.
19:58 of 1st period - Wrist shot by Branko Radivojevic.
19:58 of 1st period - Stopped by Mike Smith with a rebound.
Goals for this period are 0 for Saguenéens vs 0 for Atomiques.
Shots for this period are 7 for Saguenéens vs 9 for Atomiques.
2nd period
0:01 of 2nd period - Mikael Backlund wins face-off versus Erik Haula in neutral zone.
0:08 of 2nd period - Snap shot by Branko Radivojevic.
0:08 of 2nd period - Shot Misses the Net.
0:10 of 2nd period - Slapshot by Mikael Backlund.
0:10 of 2nd period - Stopped by Mike Smith with a rebound.
0:12 of 2nd period - Wrist shot by Branko Radivojevic.
0:12 of 2nd period - Deflect By Dwight King.
0:12 of 2nd period - Stopped by Mike Smith with a rebound.
0:14 of 2nd period - Slapshot by Davis Drewiske.
0:14 of 2nd period - Shot Misses the Net.
0:16 of 2nd period - Slapshot by Shawn Belle.
0:16 of 2nd period - Deflect By Branko Radivojevic.
0:16 of 2nd period - Shot Misses the Net.
0:16 of 2nd period - Puck is out of play.
0:17 of 2nd period - Tyler Brenner wins face-off versus Mason Raymond in Saguenéens zone.
0:24 of 2nd period - Snap shot by Tyler Brenner.
0:24 of 2nd period - Stopped by Mike Smith without a rebound.
0:25 of 2nd period - Rickard Rakell wins face-off versus Ryan Shannon in Saguenéens zone.
2:28 of 2nd period - Wrist shot by Mason Raymond.
2:28 of 2nd period - Shot Hit the Post.
3:02 of 2nd period - Slapshot by Tyler Brenner.
3:02 of 2nd period - Stopped by Mike Smith with a rebound.
3:04 of 2nd period - Wrist shot by Tyler Brenner.
3:04 of 2nd period - Stopped by Mike Smith with a rebound.
3:06 of 2nd period - Wrist shot by Tyler Brenner.
3:06 of 2nd period - Shot Misses the Net.
3:08 of 2nd period - Snap shot by Tyler Brenner.
3:08 of 2nd period - Stopped by Mike Smith without a rebound.
3:09 of 2nd period - Erik Haula wins face-off versus Mikael Backlund in Saguenéens zone.
3:18 of 2nd period - Slapshot by Roman Josi.
3:18 of 2nd period - Stopped by Sergei Bobrovsky without a rebound.
3:19 of 2nd period - Mikael Backlund wins face-off versus Erik Haula in Atomiques zone.
3:36 of 2nd period - Snap shot by Spencer Machacek.
3:36 of 2nd period - Deflect By Artemi Panarin.
3:36 of 2nd period - Goal by Artemi Panarin - Saguenéens : 1 - Atomiques : 0.
3:37 of 2nd period - Mikael Backlund wins face-off versus Erik Haula in neutral zone.
3:44 of 2nd period - Snap shot by Branko Radivojevic.
3:44 of 2nd period - Shot Hit the Post.
3:46 of 2nd period - Backhand shot by Mikael Backlund.
3:46 of 2nd period - Shot Blocked by Brett Lebda.
3:48 of 2nd period - Slapshot by Kyle Wharton.
3:48 of 2nd period - Deflect By Dwight King.
3:48 of 2nd period - Shot Blocked by Brett Lebda.
3:48 of 2nd period - Puck is out of play.
3:49 of 2nd period - Mikael Backlund wins face-off versus Erik Haula in Saguenéens zone.
3:53 of 2nd period - Minor Penalty to Brett Lebda for Holding.
3:54 of 2nd period - Rhett Rakhshani wins face-off versus Mikael Backlund in Saguenéens zone.
4:53 of 2nd period - Mikael Backlund is hit by Spencer Machacek and loses puck.
5:16 of 2nd period - Kenndal McArdle is hit by Rhett Rakhshani and loses puck.
5:53 of 2nd period - Penalty to Brett Lebda is over, Brett Lebda is back on ice.
6:26 of 2nd period - Icing by Luke Witkowski.
6:27 of 2nd period - Rickard Rakell wins face-off versus Marc-André Cliche in Saguenéens zone.
6:27 of 2nd period - Rickard Rakell is hit by Andrew Kozek.
6:35 of 2nd period - Snap shot by Rickard Rakell.
6:35 of 2nd period - Stopped by Sergei Bobrovsky without a rebound.
6:36 of 2nd period - Tyler Brenner wins face-off versus Artemi Panarin in Atomiques zone.
7:01 of 2nd period - Kyle Wharton is hit by Brett Lebda and loses puck.
8:31 of 2nd period - Branko Radivojevic is hit by Dalton Prout.
8:59 of 2nd period - Davis Drewiske is hit by Roman Josi and loses puck.
9:06 of 2nd period - Minor Penalty to Tyler Brenner for Hooking.
9:07 of 2nd period - Branko Radivojevic wins face-off versus Erik Haula in Atomiques zone.
9:12 of 2nd period - Snap shot by Erik Haula.
9:12 of 2nd period - Shot Misses the Net.
9:14 of 2nd period - Snap shot by Dalton Prout.
9:14 of 2nd period - Stopped by Sergei Bobrovsky with a rebound.
9:16 of 2nd period - Slapshot by Mason Raymond.
9:16 of 2nd period - Deflect By Spencer Machacek.
9:16 of 2nd period - Shot Blocked by Branko Radivojevic.
9:16 of 2nd period - Puck is out of play.
9:17 of 2nd period - Erik Haula wins face-off versus Branko Radivojevic in Atomiques zone.
9:20 of 2nd period - Snap shot by Spencer Machacek.
9:20 of 2nd period - Shot Blocked by Kyle Wharton.
9:22 of 2nd period - Slapshot by Dalton Prout.
9:22 of 2nd period - Stopped by Sergei Bobrovsky with a rebound.
9:28 of 2nd period - Slapshot by Erik Haula.
9:28 of 2nd period - Stopped by Sergei Bobrovsky without a rebound.
9:29 of 2nd period - Branko Radivojevic wins face-off versus Erik Haula in Atomiques zone.
9:31 of 2nd period - Minor Penalty to Roman Polak for Roughing.
9:32 of 2nd period - Branko Radivojevic wins face-off versus Erik Haula in Atomiques zone.
9:40 of 2nd period - Snap shot by Spencer Machacek.
9:40 of 2nd period - Stopped by Sergei Bobrovsky with a rebound.
9:42 of 2nd period - Wrist shot by Mason Raymond.
9:42 of 2nd period - Goal by Mason Raymond - Saguenéens : 2 - Atomiques : 0.
9:43 of 2nd period - Branko Radivojevic wins face-off versus Erik Haula in neutral zone.
10:54 of 2nd period - Tyler Pitlick is hit by Dwight King and loses puck.
11:03 of 2nd period - Kyle Wharton is hit by Artemi Panarin and loses puck.
11:31 of 2nd period - Penalty to Roman Polak is over, Roman Polak is back on ice.
11:43 of 2nd period - Shawn Belle is hit by Craig Cunningham and loses puck.
12:00 of 2nd period - Wrist shot by Ryan Shannon.
12:00 of 2nd period - Stopped by Mike Smith with a rebound.
12:02 of 2nd period - Slapshot by Colby Cohen.
12:02 of 2nd period - Stopped by Mike Smith without a rebound.
12:03 of 2nd period - Mason Raymond wins face-off versus Kenndal McArdle in Saguenéens zone.
12:09 of 2nd period - Off-side.
12:10 of 2nd period - Mikael Backlund wins face-off versus Rhett Rakhshani in neutral zone.
12:15 of 2nd period - Slapshot by Mikael Backlund.
12:15 of 2nd period - Stopped by Mike Smith with a rebound.
12:17 of 2nd period - Snap shot by Davis Drewiske.
12:17 of 2nd period - Shot Blocked by Brett Lebda.
12:35 of 2nd period - Mason Raymond is hit by Ryan Shannon and loses puck.
14:10 of 2nd period - Brett Lebda is hit by Andrew Kozek.
14:16 of 2nd period - Wrist shot by Marc-André Cliche.
14:16 of 2nd period - Shot Misses the Net.
14:18 of 2nd period - Slapshot by Davis Drewiske.
14:18 of 2nd period - Shot Misses the Net.
14:20 of 2nd period - Wrist shot by Alex Berry.
14:20 of 2nd period - Shot Misses the Net.
14:43 of 2nd period - Brett Sutter is hit by Spencer Machacek.
15:13 of 2nd period - Wrist shot by Kenndal McArdle.
15:13 of 2nd period - Stopped by Mike Smith with a rebound.
15:15 of 2nd period - Snap shot by Ryan Shannon.
15:15 of 2nd period - Deflect By Kenndal McArdle.
15:15 of 2nd period - Goal by Kenndal McArdle - Saguenéens : 2 - Atomiques : 1.
15:16 of 2nd period - Rickard Rakell wins face-off versus Mikael Backlund in neutral zone.
15:27 of 2nd period - Slapshot by Mikael Backlund.
15:27 of 2nd period - Stopped by Mike Smith without a rebound.
15:28 of 2nd period - Mikael Backlund wins face-off versus Erik Haula in Saguenéens zone.
15:39 of 2nd period - Wrist shot by Mikael Backlund.
15:39 of 2nd period - Shot Blocked by Kevin Marshall.
15:41 of 2nd period - Slapshot by Dwight King.
15:41 of 2nd period - Shot Blocked by Spencer Machacek.
15:53 of 2nd period - Kevin Marshall is hit by Marc-André Cliche and loses puck.
16:12 of 2nd period - Snap shot by Brett Sutter.
16:12 of 2nd period - Stopped by Mike Smith with a rebound.
16:36 of 2nd period - Wrist shot by Mason Raymond.
16:36 of 2nd period - Shot Misses the Net.
16:38 of 2nd period - Slapshot by Dalton Prout.
16:38 of 2nd period - Stopped by Sergei Bobrovsky with a rebound.
16:40 of 2nd period - Wrist shot by Rickard Rakell.
16:40 of 2nd period - Stopped by Sergei Bobrovsky without a rebound.
16:41 of 2nd period - Erik Haula wins face-off versus Branko Radivojevic in Atomiques zone.
16:42 of 2nd period - Snap shot by Artemi Panarin.
16:42 of 2nd period - Shot Misses the Net.
18:07 of 2nd period - Shawn Belle is hit by Tim Kennedy and loses puck.
18:34 of 2nd period - Shawn Belle is hit by Rickard Rakell and loses puck.
18:45 of 2nd period - Wrist shot by Tim Kennedy.
18:45 of 2nd period - Stopped by Sergei Bobrovsky with a rebound.
18:47 of 2nd period - Wrist shot by Craig Cunningham.
18:47 of 2nd period - Stopped by Sergei Bobrovsky with a rebound.
18:49 of 2nd period - Wrist shot by Craig Cunningham.
18:49 of 2nd period - Shot Blocked by Marc-André Cliche.
18:59 of 2nd period - Snap shot by Dwight King.
18:59 of 2nd period - Shot Misses the Net.
19:34 of 2nd period - Minor Penalty to Colby Cohen for Slashing.
19:35 of 2nd period - Branko Radivojevic wins face-off versus Erik Haula in Atomiques zone.
19:35 of 2nd period - Branko Radivojevic is hit by Spencer Machacek.
19:44 of 2nd period - Snap shot by Spencer Machacek.
19:44 of 2nd period - Shot Blocked by Branko Radivojevic.
19:46 of 2nd period - Wrist shot by Mason Raymond.
19:46 of 2nd period - Stopped by Sergei Bobrovsky with a rebound.
19:48 of 2nd period - Snap shot by Erik Haula.
19:48 of 2nd period - Shot Misses the Net.
19:50 of 2nd period - Snap shot by Dalton Prout.
19:50 of 2nd period - Shot Misses the Net.
Goals for this period are 2 for Saguenéens vs 1 for Atomiques.
Shots for this period are 13 for Saguenéens vs 13 for Atomiques.
3rd period
0:01 of 3rd period - Erik Haula wins face-off versus Branko Radivojevic in neutral zone.
1:34 of 3rd period - Penalty to Colby Cohen is over, Colby Cohen is back on ice.
1:46 of 3rd period - Wrist shot by Tyler Brenner.
1:46 of 3rd period - Stopped by Mike Smith with a rebound.
2:44 of 3rd period - Snap shot by Carl Hagelin.
2:44 of 3rd period - Stopped by Sergei Bobrovsky with a rebound.
3:18 of 3rd period - Rickard Rakell is hit by John McCarthy and loses puck.
3:41 of 3rd period - Mikael Backlund is hit by Kevin Marshall and loses puck.
3:58 of 3rd period - Erik Haula is hit by Marc-André Cliche and loses puck.
4:23 of 3rd period - Tyler Pitlick is hit by Ryan Shannon and loses puck.
4:34 of 3rd period - Tim Kennedy is hit by Kyle Wharton and loses puck.
4:42 of 3rd period - Minor Penalty to John McCarthy for Roughing.
4:43 of 3rd period - Rickard Rakell wins face-off versus Branko Radivojevic in Atomiques zone.
4:50 of 3rd period - Snap shot by Mikael Backlund.
4:50 of 3rd period - Deflect By Branko Radivojevic.
4:50 of 3rd period - Stopped by Mike Smith without a rebound.
4:51 of 3rd period - Branko Radivojevic wins face-off versus Rickard Rakell in Saguenéens zone.
4:54 of 3rd period - Wrist shot by Mikael Backlund.
4:54 of 3rd period - Stopped by Mike Smith without a rebound.
4:55 of 3rd period - Branko Radivojevic wins face-off versus Erik Haula in Saguenéens zone.
5:04 of 3rd period - Slapshot by Kevin Marshall.
5:04 of 3rd period - Stopped by Sergei Bobrovsky with a rebound.
5:06 of 3rd period - Wrist shot by Erik Haula.
5:06 of 3rd period - Stopped by Sergei Bobrovsky without a rebound.
5:07 of 3rd period - Branko Radivojevic wins face-off versus Erik Haula in Atomiques zone.
5:07 of 3rd period - Branko Radivojevic is hit by Mason Raymond.
5:37 of 3rd period - Snap shot by Artemi Panarin.
5:37 of 3rd period - Stopped by Sergei Bobrovsky without a rebound.
5:38 of 3rd period - Erik Haula wins face-off versus Tyler Brenner in Atomiques zone.
6:42 of 3rd period - Penalty to John McCarthy is over, John McCarthy is back on ice.
7:23 of 3rd period - Off-side.
7:24 of 3rd period - Tyler Brenner wins face-off versus Tim Kennedy in neutral zone.
7:27 of 3rd period - Wrist shot by Tyler Brenner.
7:27 of 3rd period - Stopped by Mike Smith with a rebound.
7:49 of 3rd period - Snap shot by Artemi Panarin.
7:49 of 3rd period - Deflect By Erik Haula.
7:49 of 3rd period - Stopped by Sergei Bobrovsky without a rebound.
7:50 of 3rd period - Erik Haula wins face-off versus Mikael Backlund in Atomiques zone.
7:53 of 3rd period - Snap shot by Spencer Machacek.
7:53 of 3rd period - Stopped by Sergei Bobrovsky without a rebound.
7:54 of 3rd period - Erik Haula wins face-off versus Branko Radivojevic in Atomiques zone.
7:59 of 3rd period - Snap shot by Artemi Panarin.
7:59 of 3rd period - Stopped by Sergei Bobrovsky without a rebound.
8:00 of 3rd period - Erik Haula wins face-off versus Mikael Backlund in Atomiques zone.
8:01 of 3rd period - Slapshot by Artemi Panarin.
8:01 of 3rd period - Shot Blocked by Dwight King.
8:46 of 3rd period - Brett Lebda is hit by Alex Berry and loses puck.
8:53 of 3rd period - Wrist shot by Marc-André Cliche.
8:53 of 3rd period - Shot Blocked by Roman Josi.
8:55 of 3rd period - Slapshot by Davis Drewiske.
8:55 of 3rd period - Deflect By Andrew Kozek.
8:55 of 3rd period - Shot Misses the Net.
8:55 of 3rd period - Puck is out of play.
8:56 of 3rd period - Mikael Backlund wins face-off versus Mason Raymond in Saguenéens zone.
9:21 of 3rd period - Tyler Brenner is hit by Spencer Machacek and loses puck.
9:28 of 3rd period - Wrist shot by Artemi Panarin.
9:28 of 3rd period - Shot Blocked by Kyle Wharton.
9:30 of 3rd period - Snap shot by Artemi Panarin.
9:30 of 3rd period - Shot Misses the Net.
9:59 of 3rd period - Roman Josi is hit by Dwight King and loses puck.
10:43 of 3rd period - Slapshot by Kevin Marshall.
10:43 of 3rd period - Stopped by Sergei Bobrovsky without a rebound.
10:44 of 3rd period - Mikael Backlund wins face-off versus Erik Haula in Atomiques zone.
10:51 of 3rd period - Dalton Prout is hit by Branko Radivojevic.
11:05 of 3rd period - Snap shot by Ryan Shannon.
11:05 of 3rd period - Shot Misses the Net.
12:04 of 3rd period - Slapshot by Roman Polak.
12:04 of 3rd period - Stopped by Mike Smith without a rebound.
12:05 of 3rd period - Erik Haula wins face-off versus Alex Berry in Saguenéens zone.
12:05 of 3rd period - Luke Witkowski is hit by Alex Berry and loses puck.
12:34 of 3rd period - Snap shot by Mikael Backlund.
12:34 of 3rd period - Stopped by Mike Smith with a rebound.
12:36 of 3rd period - Snap shot by Davis Drewiske.
12:36 of 3rd period - Stopped by Mike Smith with a rebound.
12:38 of 3rd period - Slapshot by Dwight King.
12:38 of 3rd period - Shot Misses the Net.
12:40 of 3rd period - Wrist shot by Branko Radivojevic.
12:40 of 3rd period - Stopped by Mike Smith with a rebound.
12:57 of 3rd period - Wrist shot by Tyler Brenner.
12:57 of 3rd period - Shot Misses the Net.
12:59 of 3rd period - Snap shot by Dmitri Orlov.
12:59 of 3rd period - Stopped by Mike Smith without a rebound.
13:00 of 3rd period - Rickard Rakell wins face-off versus Mikael Backlund in Saguenéens zone.
13:00 of 3rd period - Rickard Rakell is hit by Roman Polak.
13:31 of 3rd period - Snap shot by Spencer Machacek.
13:31 of 3rd period - Shot Misses the Net.
13:33 of 3rd period - Snap shot by Spencer Machacek.
13:33 of 3rd period - Shot Misses the Net.
13:35 of 3rd period - Snap shot by Dalton Prout.
13:35 of 3rd period - Shot Misses the Net.
14:18 of 3rd period - Icing by Dwight King.
14:19 of 3rd period - Mason Raymond wins face-off versus Mikael Backlund in Atomiques zone.
15:04 of 3rd period - Snap shot by Andrew Kozek.
15:04 of 3rd period - Deflect By Alex Berry.
15:04 of 3rd period - Goal by Alex Berry - Saguenéens : 2 - Atomiques : 2.
15:05 of 3rd period - Erik Haula wins face-off versus Mikael Backlund in neutral zone.
15:10 of 3rd period - Wrist shot by Artemi Panarin.
15:10 of 3rd period - Shot Blocked by Davis Drewiske.
15:35 of 3rd period - Tim Kennedy is hit by Alex Berry and loses puck.
15:40 of 3rd period - Wrist shot by Andrew Kozek.
15:40 of 3rd period - Stopped by Mike Smith with a rebound.
16:08 of 3rd period - Spencer Machacek is hit by Mikael Backlund and loses puck.
17:10 of 3rd period - Brett Lebda is hit by Branko Radivojevic and loses puck.
17:50 of 3rd period - Snap shot by Craig Cunningham.
17:50 of 3rd period - Shot Misses the Net.
17:52 of 3rd period - Wrist shot by Craig Cunningham.
17:52 of 3rd period - Shot Blocked by Shawn Belle.
17:54 of 3rd period - Wrist shot by Kevin Marshall.
17:54 of 3rd period - Shot Blocked by Shawn Belle.
17:56 of 3rd period - Slapshot by Kevin Marshall.
17:56 of 3rd period - Shot Misses the Net.
Goals for this period are 0 for Saguenéens vs 1 for Atomiques.
Shots for this period are 8 for Saguenéens vs 11 for Atomiques.
Overtime #1
0:01 of 1st overtime period - Mason Raymond wins face-off versus Branko Radivojevic in neutral zone.
0:12 of 1st overtime period - Wrist shot by Mason Raymond.
0:12 of 1st overtime period - Deflect By Artemi Panarin.
0:12 of 1st overtime period - Shot Misses the Net.
0:12 of 1st overtime period - Puck is out of play.
0:13 of 1st overtime period - Branko Radivojevic wins face-off versus Mason Raymond in Atomiques zone.
0:18 of 1st overtime period - Wrist shot by Artemi Panarin.
0:18 of 1st overtime period - Stopped by Sergei Bobrovsky with a rebound.
1:27 of 1st overtime period - Backhand shot by Craig Cunningham.
1:27 of 1st overtime period - Shot Misses the Net.
1:29 of 1st overtime period - Snap shot by Teemu Pulkkinen.
1:29 of 1st overtime period - Shot Misses the Net.
1:31 of 1st overtime period - Slapshot by Luke Witkowski.
1:31 of 1st overtime period - Shot Blocked by Roman Polak.
1:33 of 1st overtime period - Slapshot by Roman Josi.
1:33 of 1st overtime period - Shot Misses the Net.
1:35 of 1st overtime period - Wrist shot by Craig Cunningham.
1:35 of 1st overtime period - Shot Misses the Net.
1:52 of 1st overtime period - Icing by Kevin Marshall.
1:53 of 1st overtime period - Spencer Machacek wins face-off versus Brett Sutter in Saguenéens zone.
2:04 of 1st overtime period - Backhand shot by Erik Haula.
2:04 of 1st overtime period - Shot Blocked by Shawn Belle.
2:06 of 1st overtime period - Slapshot by Kevin Marshall.
2:06 of 1st overtime period - Shot Blocked by Shawn Belle.
2:08 of 1st overtime period - Wrist shot by Erik Haula.
2:08 of 1st overtime period - Goal by Erik Haula - Saguenéens : 3 - Atomiques : 2.
Goals for this period are 1 for Saguenéens vs 0 for Atomiques.
Shots for this period are 2 for Saguenéens vs 0 for Atomiques.
Back to the Top